Map: Sito di ricerca JD-2

Players

PurpleTurtle

  • Race: Protoss Protoss
  • League: Diamond
  • Spawn Location: 6:00

Shix

  • Race: Zerg Zerg
  • Spawn Location: 6:00

Naz

  • Race: Zerg Zerg
  • Spawn Location: 7:00

gude

  • Race: Protoss Protoss
  • League: Platinum
  • Spawn Location: 7:00

LaWeedaLoca - Winner!

  • Race: Terran Terran
  • League: Master
  • Spawn Location: 12:00

Mørtebianca - Winner!

  • Race: Protoss Protoss
  • League: Diamond
  • Spawn Location: 3:00

IlBirraioOo - Winner!

  • Race: Terran Terran
  • League: Platinum
  • Spawn Location: 12:00

Jhyrachy - Winner!

  • Race: Zerg Zerg
  • League: Silver
  • Spawn Location: 1:00

VOD

Have the link to the VOD?

Description

Time

  • Played on: Dec. 9, 2015, 4:38 p.m.
  • Length: 20:13
Show
View Real Time Build Order
Export as new Build Order

PurpleTurtle Protoss 

Build Orders:  

Get SALT Encoding   

  12  0:03  Probe (Chrono Boost)  
  13  0:13  Probe (Chrono Boost)  
  14  0:20  Pylon  
  14  0:25  Probe (Chrono Boost)  
  15  0:38  Probe (Chrono Boost)  
  16  0:45  Gateway  
  16  0:52  Probe (Chrono Boost)  
  17  1:00  Assimilator  
  17  1:02  Probe (Chrono Boost)  
  18  1:14  Pylon  
  18  1:15  Probe (Chrono Boost)  
  20  1:25  Probe (Chrono Boost)  
  20  1:35  Assimilator  
  20  1:37  Probe (Chrono Boost)  
  21  1:44  Cybernetics Core  
  21  1:47  Probe (Chrono Boost)  
  22  1:58  Probe (Chrono Boost)  
  23  2:06  Nexus  
  23  2:10  Probe (Chrono Boost)  
  24  2:21  Warp Gate  
  24  2:24  Probe (Chrono Boost)  
  25  2:30  Robotics Facility  
  25  2:36  Probe (Chrono Boost)  
  26  2:47  Mothership Core (Chrono Boost)  
  30  2:53  Pylon  
  30  2:57  Gateway  
  28  3:11  Probe (Chrono Boost)  
  29  3:18  Forge  
  29  3:22  Probe (Chrono Boost)  
  29  3:23  Robotics Bay  
  30  3:28  Probe (Chrono Boost)  
  31  3:35  Probe (Chrono Boost)  
  31  3:39  Probe (Chrono Boost)  
  33  3:45  Probe (Chrono Boost)  
  34  3:50  Warp Prism (Chrono Boost)  
  34  3:53  Probe (Chrono Boost)  
  37  3:56  Probe (Chrono Boost)  
  37  4:02  Protoss Ground Weapons Level 1 (Chrono Boost)  
  38  4:04  Probe (Chrono Boost)  
  38  4:06  Assimilator  
  39  4:10  Pylon  
  39  4:11  Probe (Chrono Boost)  
  40  4:21  Gravitic Drive, Probe  
  41  4:25  Probe  
  41  4:26  Disruptor (Chrono Boost)  
  45  4:31  Probe  
  45  4:35  Assimilator  
  45  4:37  Probe  
  47  4:38  Pylon  
  47  4:42  Probe  
  47  4:45  Gateway  
  48  4:54  Probe  
  48  4:55  Probe  
  48  4:57  Disruptor (Chrono Boost)  
  53  5:05  Probe  
  53  5:07  Probe  
  53  5:10  Nexus  
  53  5:13  Pylon  
  55  5:16  Probe  
  55  5:19  Probe  
  57  5:26  Probe  
  57  5:27  Disruptor (Chrono Boost)  
  61  5:33  Probe  
  62  5:37  Probe  
  62  5:40  Forge  
  63  5:43  Gateway  
  63  5:45  Probe  
  63  5:46  Pylon  
  63  5:48  Probe  
  65  5:58  Probe  
  65  6:02  Probe, Disruptor  
  70  6:05  Stalker  
  70  6:06  Stalker x2  
  70  6:10  Probe  
  71  6:37  Probe  
  71  6:38  Probe  
  71  6:39  Probe  
  73  6:42  Disruptor  
  77  6:48  Probe  
  78  6:56  Probe  
  78  6:57  Probe  
  80  7:08  Assimilator  
  80  7:13  Assimilator  
  80  7:16  Photon Cannon  
  80  7:17  Protoss Ground Armor Level 1 (Chrono Boost)  
  80  7:18  Disruptor  
  80  7:20  Twilight Council  
  83  7:24  Protoss Shields Level 1 (Chrono Boost)  
  76  7:38  Probe  
  76  7:40  Probe  
  74  7:54  Disruptor  
  57  8:30  Disruptor  
  60  8:34  Pylon  
  60  8:41  Gateway  
  60  8:43  Gateway  
  60  8:45  Gateway  
  60  8:47  Gateway  
  60  8:51  Probe  
  60  8:53  Probe  
  62  9:01  Zealot x2  
  62  9:02  Charge  
  66  9:04  Nexus  
  66  9:06  Disruptor  
  66  9:17  Pylon  
  66  9:27  Probe  
  66  9:28  Probe  
  68  9:34  Gateway  
  68  9:36  Gateway  
  68  9:37  Gateway  
  62  9:39  Gateway  
  62  9:42  Gateway  
  62  9:44  Protoss Ground Weapons Level 2 (Chrono Boost)  
  55  9:54  Protoss Shields Level 2 (Chrono Boost)  
  55  9:58  Probe  
  55  9:59  Probe  
  57  10:11  Probe  
  57  10:13  Disruptor  
  61  10:15  Probe  
  62  10:23  Probe  
  62  10:27  Nexus  
  63  10:40  Nexus  
  63  10:47  Zealot x2  
  68  10:50  Observer  
  68  11:03  Robotics Facility  
  68  11:05  Pylon  
  62  11:14  Zealot x3  
  62  11:15  Zealot x3  
  62  11:16  Zealot x3  
  62  11:17  Zealot x3  
  86  11:25  Disruptor (Chrono Boost)  
  87  11:38  Pylon  
  87  11:46  Zealot x5  
  94  11:47  Zealot x2  
  94  11:53  Zealot x3  
  94  11:54  Zealot x3  
  106  11:57  Disruptor (Chrono Boost)  
  112  12:10  Disruptor (Chrono Boost)  
  104  12:28  Disruptor (Chrono Boost)  
  82  12:48  Disruptor (Chrono Boost)  
  70  12:59  Disruptor (Chrono Boost)  
  70  13:04  Zealot  
  70  13:05  Zealot x5  
  83  13:06  Zealot x6  
  83  13:07  Zealot  
  101  13:24  Disruptor (Chrono Boost)  
  75  13:53  Zealot  
  75  13:54  Zealot x3  
  75  13:55  Zealot x3, Stalker x2  
  75  14:54  Templar Archives  
  75  15:06  Warp Prism (Chrono Boost)  
  80  15:11  Disruptor (Chrono Boost)  
  69  15:52  Nexus  
  75  16:06  High Templar x3  
  75  16:07  High Templar x3  
  73  16:38  Psionic Storm  
  73  16:51  Disruptor (Chrono Boost)  
  71  17:11  Pylon, Mothership Core  
  67  17:30  Nexus  
  36  19:30  Zealot x3  
  19  19:31  Zealot x3  
  19  19:32  Zealot  
  1  19:42  Observer (Chrono Boost)  
Show
View Real Time Build Order
Export as new Build Order

Shix Zerg 

Build Orders: Hatch First, Muta Ling Bane 

Get SALT Encoding   

  12  0:01  Drone  
  13  0:12  Overlord  
  13  0:20  Drone  
  14  0:31  Drone x2  
  14  0:35  Drone  
  17  0:53  Drone  
  18  1:00  Drone  
  19  1:08  Drone  
  20  1:19  Hatchery  
  20  1:24  Spawning Pool  
  18  1:26  Drone  
  19  1:35  Drone  
  19  1:37  Extractor  
  19  1:50  Drone x2  
  21  2:16  Hatchery, Overlord, Queen  
  22  2:31  Queen  
  23  2:55  Spine Crawler  
  23  3:01  Drone x6  
  29  3:13  Overlord  
  29  3:14  Zergling x2  
  29  3:16  Metabolic Boost  
  29  3:17  Lair  
  30  3:22  Extractor  
  30  3:24  Drone x2  
  31  3:32  Queen  
  33  3:34  Drone  
  33  3:39  Drone x2  
  36  3:42  Drone  
  36  3:44  Drone  
  38  3:49  Drone x2  
  38  3:52  Drone  
  41  4:00  Drone x2  
  41  4:01  Drone  
  41  4:02  Drone  
  45  4:04  Drone  
  45  4:06  Drone  
  47  4:19  Spire  
  47  4:23  Drone  
  47  4:24  Drone x2, Baneling Nest  
  48  4:25  Drone  
  48  4:28  Extractor  
  48  4:30  Extractor  
  47  4:38  Drone x3  
  50  4:42  Overlord x2  
  50  4:53  Overlord  
  50  5:00  Drone  
  50  5:01  Drone x9  
  50  5:03  Drone  
  61  5:08  Centrifical Hooks  
  61  5:21  Extractor  
  61  5:22  Extractor  
  61  5:28  Overlord  
  59  5:32  Zerg Flyer Weapons Level 1  
  59  5:33  Mutalisk x3  
  65  5:41  Drone x9  
  74  5:54  Drone  
  74  5:55  Drone  
  76  5:58  Drone  
  76  5:59  Drone x2  
  79  6:11  Mutalisk  
  81  6:24  Zergling x2  
  82  6:27  Overlord x3  
  80  6:47  Mutalisk x8  
  80  6:48  Mutalisk x2  
  80  6:51  Zergling x2  
  80  6:52  Zergling x2  
  102  7:01  Zergling x6  
  105  7:13  Overlord x2  
  105  7:14  Overlord  
  104  7:24  Zergling x2  
  104  7:25  Zergling x2  
  106  7:33  Zergling x22  
  109  8:00  Zergling x6  
  109  8:01  Zergling x20  
  117  8:17  Baneling  
  117  8:18  Baneling x14  
  117  8:19  Baneling x10  
  117  8:21  Zergling x14  
  117  8:22  Zergling x6  
  103  8:42  Mutalisk  
  103  8:43  Mutalisk x5  
  106  9:03  Mutalisk x7  
  106  9:04  Mutalisk  
  117  9:11  Zergling x2  
  118  9:18  Zergling x2  
  118  9:19  Zergling x4  
  121  9:25  Hatchery  
  121  9:26  Zergling x2  
  121  9:27  Zergling x2  
  121  9:43  Zergling x2  
  121  9:44  Zergling x10  
  121  9:56  Zergling x2  
  121  9:57  Zergling x14  
  125  10:08  Zergling x2  
  125  10:09  Zergling x10  
  126  10:18  Zergling x2  
  126  10:19  Zergling x4  
  127  10:27  Zergling x16  
  128  10:33  Overseer x3  
  81  10:53  Drone x3  
  81  10:54  Drone x8  
  92  11:00  Mutalisk  
  92  11:01  Mutalisk x4  
  102  11:17  Hatchery  
  101  11:20  Mutalisk x4  
  101  11:21  Mutalisk x5  
  101  11:22  Mutalisk  
  120  11:44  Mutalisk x7  
  120  11:45  Mutalisk x2  
  132  11:51  Zergling x6  
  132  11:52  Zergling x4  
  135  11:54  Overlord x2  
  135  11:55  Overlord x3  
  133  12:03  Zergling x2  
  133  12:04  Zergling x12  
  135  12:09  Overlord x4  
  135  12:28  Zergling x2  
  135  12:29  Zergling x18  
  130  12:47  Baneling x2  
  130  12:48  Zergling x2  
  130  12:49  Zergling x14  
  130  12:50  Hatchery  
  124  13:08  Zergling x22  
  104  13:49  Zergling x2  
  104  13:50  Zergling x24  
  113  14:36  Mutalisk x7  
  113  14:37  Mutalisk x5  
  137  14:39  Baneling  
  137  14:40  Baneling x16  
  137  14:41  Baneling x5  
  137  14:43  Zergling x8  
  141  14:57  Zergling x2  
  141  14:58  Zergling x10  
  143  15:11  Zergling x4  
  143  15:12  Zergling x8  
  120  15:42  Zergling x16  
  127  15:43  Zergling x22  
  138  15:55  Zergling x14  
  138  15:56  Zergling x4  
  139  16:45  Mutalisk x11  
  139  16:46  Mutalisk x12  
  155  17:22  Zergling x10  
  158  17:23  Zergling x14  
  160  17:33  Mutalisk  
  160  17:34  Mutalisk x2, Overlord  
  146  17:48  Zergling x10  
  139  18:10  Baneling  
  139  18:11  Baneling x15  
Show
View Real Time Build Order
Export as new Build Order

Naz Zerg 

Build Orders: Hatch First 

Get SALT Encoding   

  12  0:01  Drone  
  13  0:12  Overlord  
  13  0:17  Drone  
  14  0:43  Hatchery  
  14  0:45  Drone  
  14  0:49  Drone  
  15  0:59  Extractor  
  14  1:09  Spawning Pool  
  13  1:12  Drone  
  13  1:16  Drone  
  15  1:24  Drone  
  15  1:25  Drone  
  17  1:33  Drone  
  18  1:44  Drone  
  19  1:58  Drone, Queen  
  22  2:02  Drone  
  22  2:07  Queen  
  25  2:13  Metabolic Boost  
  25  2:22  Overlord  
  25  2:23  Drone  
  26  2:30  Drone x2  
  28  2:41  Zergling x6  
  31  3:00  Zergling x8  
  35  3:11  Drone  
  36  3:13  Overlord x3  
  36  3:17  Extractor  
  36  3:18  Extractor, Drone  
  36  3:19  Extractor  
  34  3:24  Zergling x4  
  36  3:36  Drone  
  36  3:37  Drone  
  34  4:09  Drone x4  
  38  4:10  Drone x3  
  38  4:28  Lair  
  38  4:29  Roach Warren  
  35  4:33  Drone x5, Evolution Chamber  
  35  4:34  Drone, Evolution Chamber  
  39  4:58  Drone  
  39  4:59  Drone x3  
  43  5:11  Roach x3  
  43  5:12  Roach x4  
  57  5:22  Drone x2  
  57  5:24  Zerg Ground Armor Level 1  
  57  5:26  Zerg Missile Weapons Level 1  
  59  5:34  Glial Reconstitution  
  59  5:37  Hatchery  
  59  5:41  Roach  
  59  5:42  Hydralisk Den  
  59  5:43  Overlord x3  
  59  5:49  Ravager  
  60  6:02  Drone x5  
  65  6:36  Roach x2  
  65  6:37  Hydralisk x3, Roach x3  
  65  6:38  Hydralisk  
  83  6:41  Muscular Augments  
  83  6:50  Overlord x2, Roach x2  
  83  6:51  Overlord x2  
  89  7:12  Zergling x4, Roach x3  
  95  7:16  Ravager x2  
  95  7:17  Ravager  
  98  7:30  Drone x3  
  100  7:39  Roach x2  
  100  7:40  Roach  
  82  8:35  Roach  
  82  8:36  Roach x2  
  88  8:42  Hydralisk x3  
  88  9:04  Roach x3  
  94  9:14  Drone x2  
  96  9:17  Hatchery  
  96  9:18  Roach  
  91  9:25  Overlord  
  88  9:51  Roach  
  88  9:52  Hydralisk x3, Zergling x2, Roach x4  
  95  9:57  Zerg Ground Armor Level 2  
  95  9:59  Zerg Missile Weapons Level 2  
  93  10:14  Roach x3  
  93  10:15  Roach x5  
  108  10:46  Roach x2  
  108  10:47  Zergling x6, Roach x2, Hydralisk x3  
  108  10:48  Hydralisk  
  127  10:51  Hydralisk  
  129  11:15  Queen x2  
  129  11:20  Overlord x2  
  129  11:21  Overlord x3  
  129  11:32  Infestation Pit  
  128  11:38  Roach  
  128  11:39  Drone, Hydralisk x5, Roach  
  142  11:51  Burrow  
  134  11:56  Roach x3  
  140  12:03  Roach  
  123  12:27  Roach x3  
  123  12:28  Roach x2  
  115  12:44  Roach  
  115  12:45  Roach x3  
  74  13:03  Roach  
  74  13:04  Roach x3  
  82  13:12  Roach  
  72  13:34  Roach x2  
  72  13:35  Roach x5  
  72  13:36  Roach  
  84  13:51  Roach x3  
  84  13:54  Hydralisk x3  
  78  14:49  Roach x2  
  78  14:50  Roach x5  
  92  15:13  Roach x3  
  92  15:14  Roach  
  96  15:43  Roach x4  
  102  15:54  Roach  
  102  15:55  Roach  
  86  16:59  Drone x2  
  86  17:00  Roach x4  
  84  17:30  Roach x2  
  84  17:31  Roach x2  
  70  18:09  Roach x4  
Show
View Real Time Build Order
Export as new Build Order

gude Protoss 

Build Orders: Oracle Opening 

Get SALT Encoding   

  12  0:01  Probe (Chrono Boost)  
  13  0:11  Probe (Chrono Boost)  
  14  0:18  Pylon  
  14  0:24  Probe (Chrono Boost)  
  15  0:37  Probe (Chrono Boost)  
  15  0:55  Assimilator, Probe (Chrono Boost)  
  16  1:00  Gateway  
  16  1:06  Assimilator, Probe (Chrono Boost)  
  17  1:16  Probe (Chrono Boost)  
  18  1:27  Probe (Chrono Boost)  
  19  1:37  Probe (Chrono Boost)  
  20  1:42  Pylon  
  20  1:49  Cybernetics Core  
  20  1:52  Probe (Chrono Boost)  
  21  2:02  Probe (Chrono Boost)  
  22  2:13  Probe (Chrono Boost)  
  23  2:28  Nexus  
  23  2:29  Pylon  
  24  2:36  Stargate  
  23  2:42  Warp Gate  
  23  2:45  Mothership Core (Chrono Boost)  
  25  3:03  Probe (Chrono Boost)  
  26  3:13  Probe (Chrono Boost)  
  26  3:19  Oracle (Chrono Boost)  
  30  3:23  Pylon  
  30  3:24  Probe  
  31  3:31  Assimilator  
  31  3:35  Assimilator  
  31  3:40  Probe  
  31  3:42  Probe  
  33  3:51  Oracle (Chrono Boost)  
  36  4:02  Probe  
  36  4:04  Probe  
  38  4:13  Probe  
  38  4:16  Probe  
  40  4:22  Oracle (Chrono Boost)  
  40  4:23  Stargate  
  43  4:27  Probe  
  43  4:28  Probe  
  45  4:37  Probe  
  45  4:40  Probe  
  47  4:46  Pylon  
  47  4:48  Probe  
  47  4:52  Probe  
  49  4:54  Void Ray (Chrono Boost)  
  49  4:58  Probe  
  53  5:04  Probe  
  55  5:13  Probe  
  55  5:16  Probe  
  57  5:24  Probe  
  58  5:29  Probe  
  59  5:45  Probe  
  59  5:47  Probe  
  59  5:48  Void Ray (Chrono Boost)  
  69  5:54  Void Ray (Chrono Boost)  
  69  5:56  Probe  
  70  6:09  Pylon  
  70  6:13  Pylon  
  70  6:17  Nexus  
  70  6:19  Pylon  
  70  6:25  Forge  
  70  6:26  Probe  
  70  6:27  Probe  
  80  6:33  Void Ray (Chrono Boost)  
  80  6:36  Probe  
  80  6:38  Void Ray (Chrono Boost)  
  80  6:39  Probe  
  82  6:53  Pylon  
  82  6:59  Pylon  
  82  7:03  Photon Cannon  
  82  7:05  Photon Cannon  
  82  7:06  Photon Cannon  
  82  7:08  Protoss Air Weapons Level 1 (Chrono Boost)  
  82  7:10  Void Ray (Chrono Boost)  
  82  7:12  Cybernetics Core  
  82  7:14  Photon Cannon  
  90  7:16  Void Ray (Chrono Boost)  
  90  7:19  Photon Cannon  
  90  7:32  Fleet Beacon  
  90  7:36  Stargate  
  90  7:51  Void Ray  
  94  8:01  Void Ray  
  98  8:33  Void Ray  
  102  9:06  Assimilator  
  102  9:09  Nexus  
  102  9:11  Assimilator  
  102  9:16  Pylon  
  102  9:20  Pylon  
  101  9:38  Void Ray x2  
  108  9:56  Protoss Air Armor Level 1 (Chrono Boost)  
  108  9:58  Pylon  
  107  10:09  Protoss Air Weapons Level 2 (Chrono Boost)  
  99  11:32  Pylon  
  99  11:33  Pylon  
  99  11:34  Nexus  
  99  11:35  Assimilator, Pylon x2  
  99  11:39  Pylon  
  99  11:40  Assimilator, Pylon  
  99  11:43  Pylon  
  99  11:53  Void Ray  
  105  12:04  Pylon  
  104  12:09  Pylon  
  104  12:19  Void Ray  
  104  12:22  Void Ray  
  108  12:36  Void Ray  
  103  13:02  Void Ray  
  103  13:05  Void Ray  
  107  13:19  Void Ray  
  95  13:45  Void Ray  
  95  13:48  Void Ray  
  87  14:01  Void Ray  
  60  14:28  Void Ray  
  60  14:31  Void Ray (Chrono Boost)  
  66  14:47  Void Ray (Chrono Boost)  
  66  14:52  Protoss Air Weapons Level 3 (Chrono Boost)  
  66  14:57  Pylon  
  66  15:07  Pylon  
  66  15:08  Pylon  
  66  15:09  Pylon  
  66  15:14  Void Ray (Chrono Boost)  
  74  15:20  Protoss Air Armor Level 2  
  78  15:36  Void Ray (Chrono Boost)  
  74  16:39  Nexus  
  49  19:21  Void Ray (Chrono Boost)  
  61  19:26  Void Ray x2 (Chrono Boost)  
  61  19:33  Assimilator  
  61  19:38  Assimilator  
Show
View Real Time Build Order
Export as new Build Order

LaWeedaLoca Terran - Winner!

Build Orders: MMM Bio 

Get SALT Encoding   

  12  0:01  SCV  
  13  0:13  SCV  
  14  0:18  Supply Depot  
  14  0:25  SCV  
  15  0:39  SCV  
  15  0:41  Barracks  
  16  0:58  SCV  
  16  1:01  Barracks  
  17  1:16  SCV  
  18  1:27  Marine  
  18  1:28  Orbital Command  
  19  1:56  SCV  
  19  1:59  Marine  
  21  2:03  Marine  
  21  2:06  Command Center  
  22  2:09  Supply Depot  
  22  2:13  Refinery  
  22  2:18  Refinery  
  22  2:23  SCV  
  23  2:30  Marine x2  
  23  2:35  SCV  
  26  2:38  Barracks  
  26  2:48  Marine  
  26  2:49  SCV  
  26  2:50  Barracks Tech Lab  
  28  3:01  SCV  
  29  3:09  Stimpack  
  29  3:10  Marine x2  
  31  3:17  SCV  
  31  3:19  Orbital Command  
  32  3:28  Marine, Factory  
  32  3:29  SCV  
  32  3:31  Marine  
  35  3:39  Supply Depot  
  35  3:42  SCV  
  35  3:46  SCV  
  37  3:54  SCV  
  38  4:03  Barracks Reactor x2  
  38  4:07  SCV x2  
  38  4:09  Marine  
  41  4:15  Factory Reactor  
  41  4:16  Starport  
  41  4:18  Supply Depot  
  41  4:19  SCV  
  41  4:20  SCV  
  43  4:27  Marine  
  44  4:31  SCV  
  44  4:32  SCV  
  46  4:40  Engineering Bay  
  46  4:41  Marine x2, Supply Depot  
  46  4:42  Marine, Engineering Bay  
  46  4:43  SCV  
  46  4:44  Marine  
  51  4:46  Marine  
  51  4:47  SCV  
  53  4:55  SCV  
  53  4:59  Medivac x2  
  58  5:00  Marine  
  58  5:01  Marine x2  
  58  5:03  SCV  
  62  5:08  Refinery  
  62  5:09  Refinery  
  62  5:12  Combat Shields  
  53  5:23  Missile Turret  
  53  5:24  SCV  
  53  5:25  SCV  
  55  5:30  Missile Turret  
  44  5:37  SCV x2  
  45  5:49  SCV x2  
  47  6:01  SCV x2  
  49  6:13  SCV x2  
  51  6:25  SCV x2  
  50  6:37  SCV  
  50  6:41  Marine x3  
  50  6:42  Marauder  
  50  6:45  SCV  
  56  6:49  SCV  
  56  6:51  Marine  
  56  6:53  Factory Reactor, Medivac x2  
  62  6:58  SCV  
  62  6:59  Marine x3  
  66  7:01  SCV  
  66  7:03  Marauder  
  66  7:06  Terran Infantry Weapons Level 1  
  69  7:10  SCV  
  70  7:19  Terran Infantry Armor Level 1, Supply Depot  
  70  7:24  Barracks  
  70  7:26  Barracks  
  70  7:40  Marine x4  
  70  7:41  Marauder, SCV x2  
  78  7:49  Widow Mine  
  77  7:53  SCV  
  78  8:01  Supply Depot  
  78  8:03  Widow Mine, Marine x2, SCV, Medivac  
  85  8:15  Marine  
  86  8:23  Marauder, Marine x4, SCV  
  87  8:41  Marine x3  
  87  8:42  Command Center, Marine x3  
  87  8:45  Marauder  
  83  8:59  Marine x5  
  83  9:00  Marine  
  83  9:15  Widow Mine x2, Medivac x2  
  83  9:16  Marine  
  92  9:17  Marine  
  91  9:42  Marine x2  
  91  9:43  Marine  
  93  9:52  Supply Depot  
  93  9:54  Marauder  
  95  10:00  Armory  
  88  10:13  Planetary Fortress  
  78  10:15  Marauder, SCV x2  
  78  10:16  Supply Depot  
  79  10:24  Marine  
  79  10:25  Marine x4  
  79  10:27  SCV  
  73  10:46  Marine x6  
  73  10:47  Marauder  
  72  11:04  Marine x3  
  73  11:08  Marauder  
  73  11:10  Concussive Shells  
  73  11:11  Marine x3  
  79  11:15  Medivac x2  
  84  11:20  SCV  
  84  11:21  Marine  
  84  11:22  Marine x2  
  88  11:28  Marine  
  88  11:30  Marauder  
  88  11:31  Terran Infantry Weapons Level 2  
  92  11:37  Terran Infantry Armor Level 2  
  92  11:39  Barracks Reactor  
  91  11:51  Marauder  
  83  11:56  Widow Mine x2, Medivac x2  
  83  11:57  Marine x4  
  94  12:12  Marauder  
  94  12:15  Marine x4  
  97  12:16  Barracks  
  97  12:26  Barracks Tech Lab  
  93  12:34  Marauder  
  87  12:43  Marine x3  
  84  12:44  Marine x3  
  84  12:45  Marauder  
  87  12:55  Marauder  
  87  13:01  Widow Mine x2, Marine x3  
  87  13:02  Marine x3, Medivac x2  
  87  13:04  Barracks Reactor  
  101  13:06  Marauder  
  101  13:09  Supply Depot  
  103  13:17  Marauder  
  103  13:19  Marine  
  99  13:27  Marauder  
  99  13:32  Marine x4  
  105  13:38  Marauder  
  105  13:39  Command Center  
  95  13:45  Marine x2  
  91  13:49  Marauder  
  91  13:50  Marine x3  
  96  13:56  Marine  
  96  13:59  Marauder  
  99  14:03  Marine x2  
  99  14:08  Marine x3  
  104  14:10  Marine  
  104  14:14  Marine  
  105  14:21  Marauder, Marine x2  
  102  14:25  Marine x2  
  102  14:26  Marine  
  102  14:28  Marauder  
  106  14:35  Terran Infantry Weapons Level 3  
  106  14:43  Marauder, Marine x4  
  112  14:52  Planetary Fortress  
  112  14:55  SCV x3  
  115  15:04  Marauder, Marine x3  
  115  15:05  Marauder  
  115  15:06  Marine  
  123  15:07  Widow Mine x2, SCV  
  123  15:11  Marine, Medivac  
  129  15:33  Marauder, Marine x2  
  95  15:44  Marine x5  
  95  15:45  Widow Mine x2, Marauder, Marine  
  95  15:46  Medivac x2  
  111  15:50  Marine  
  111  15:51  Marine  
  111  15:55  Marauder  
  115  15:58  Terran Infantry Armor Level 3  
  115  16:02  Marine x3  
  118  16:06  Marauder, Marine  
  118  16:07  Marine  
  119  16:16  Marauder  
  119  16:18  Marine x3  
  120  16:20  Marine x3  
  120  16:24  Marine x2  
  128  16:28  Marauder  
  130  16:36  Marine  
  130  16:37  Marine x3  
  130  16:38  Widow Mine, Marauder, Marine x2  
  130  16:39  Medivac  
  135  16:42  Marine x2  
  137  16:49  Marauder  
  137  16:54  Marine  
  139  16:55  Marine x3  
  139  16:59  Marauder  
  133  17:06  Missile Turret x2  
  133  17:08  Missile Turret  
  133  17:10  Marauder  
  128  17:20  Marauder  
  97  17:30  Marine x5  
  97  17:31  Marine x3  
  97  17:32  Marauder  
  102  17:41  Widow Mine x2  
  102  17:42  Marauder  
  102  17:44  Medivac x2  
  102  17:48  Marine x6  
  102  17:49  Marine  
  112  17:53  Marauder  
  112  17:55  Marine  
  113  18:03  Marauder  
  115  18:06  Marine x3  
  115  18:09  Widow Mine  
  115  18:10  Widow Mine  
  122  18:14  Medivac  
  122  18:15  Marauder  
  108  18:20  Marine x5  
  108  18:23  Marine  
  108  18:24  Marauder, Marine x2  
  108  18:36  Marauder  
  108  18:37  Marine x2  
  108  18:38  Widow Mine, Marine x2  
  116  18:46  Marauder  
  118  18:57  Marauder, Marine x4  
  118  18:58  Marine x2  
  126  19:07  Marauder  
  128  19:16  Marine  
  128  19:17  Marine x4  
  129  19:18  Marine  
  129  19:19  Marauder  
  136  19:29  Marauder  
  134  19:35  Marine x4  
  134  19:36  Marine  
  130  19:40  Marauder  
  130  19:42  Marine  
  130  19:43  Widow Mine, Marine x2  
  131  19:50  Marauder  
  131  19:52  Marine  
  131  19:53  Marine x4  
Show
View Real Time Build Order
Export as new Build Order

Mørtebianca Protoss - Winner!

Build Orders: 1 Gate Expand 

Get SALT Encoding   

  12  0:01  Probe (Chrono Boost)  
  13  0:12  Probe (Chrono Boost)  
  14  0:22  Probe (Chrono Boost)  
  14  0:24  Pylon  
  15  0:42  Probe (Chrono Boost)  
  16  0:44  Gateway  
  16  0:52  Probe (Chrono Boost)  
  17  1:03  Probe (Chrono Boost)  
  18  1:17  Nexus  
  18  1:19  Probe (Chrono Boost)  
  19  1:27  Assimilator  
  19  1:31  Assimilator  
  19  1:39  Forge  
  19  1:49  Probe (Chrono Boost)  
  20  2:00  Probe (Chrono Boost)  
  21  2:10  Probe (Chrono Boost)  
  21  2:11  Cybernetics Core  
  21  2:14  Pylon  
  22  2:16  Protoss Ground Weapons Level 1 (Chrono Boost)  
  22  2:21  Probe (Chrono Boost)  
  23  2:31  Probe (Chrono Boost)  
  24  2:37  Pylon  
  24  2:42  Probe (Chrono Boost)  
  25  2:49  Warp Gate (Chrono Boost)  
  25  2:53  Probe (Chrono Boost)  
  25  2:56  Robotics Facility  
  25  2:58  Probe (Chrono Boost)  
  27  3:05  Probe (Chrono Boost)  
  28  3:09  Probe (Chrono Boost)  
  29  3:15  Probe (Chrono Boost)  
  29  3:17  Adept  
  34  3:20  Mothership Core (Chrono Boost)  
  34  3:32  Twilight Council  
  34  3:40  Probe x2 (Chrono Boost)  
  36  3:51  Probe x2 (Chrono Boost)  
  34  4:01  Probe (Chrono Boost)  
  34  4:02  Probe (Chrono Boost)  
  34  4:12  Probe x2 (Chrono Boost)  
  34  4:13  Blink  
  36  4:22  Probe (Chrono Boost)  
  36  4:23  Probe (Chrono Boost)  
  38  4:32  Probe (Chrono Boost)  
  38  4:33  Probe (Chrono Boost)  
  40  4:42  Probe  
  40  4:45  Probe  
  42  4:46  Assimilator x2  
  42  4:52  Probe  
  42  4:55  Warp Prism  
  42  4:57  Probe  
  46  5:03  Protoss Ground Armor Level 1, Probe  
  47  5:09  Probe  
  48  5:15  Gateway  
  48  5:17  Gateway  
  48  5:18  Gateway  
  48  5:20  Gateway  
  48  5:21  Gateway  
  48  5:23  Gateway  
  48  5:28  Pylon  
  48  5:30  Warp Prism  
  50  5:53  Pylon  
  50  5:56  Pylon  
  44  6:20  Probe  
  44  6:22  Probe  
  44  6:30  Stalker x5  
  44  6:31  Probe, Stalker  
  57  6:34  Probe  
  58  6:58  Protoss Ground Weapons Level 2 (Chrono Boost)  
  58  7:01  Stalker x2  
  58  7:02  Stalker x2  
  58  7:03  Nexus, Zealot x2  
  58  7:05  Assimilator  
  58  7:08  Sentry  
  72  7:10  Assimilator  
  72  7:12  Pylon  
  72  7:15  Pylon  
  72  7:18  Pylon  
  72  7:25  Probe  
  72  7:26  Pylon  
  72  7:27  Probe, Pylon  
  72  7:28  Pylon x2  
  74  7:34  Zealot x2  
  56  8:15  Stalker x3  
  56  8:16  Stalker x4  
  66  8:44  Stalker x4  
  66  8:45  Stalker x3  
  72  9:13  Gateway  
  72  9:16  Stalker x3  
  72  9:18  Sentry  
  72  9:19  Sentry x2, Gateway  
  72  9:20  Gateway  
  72  9:21  Gateway  
  72  9:23  Gateway  
  62  9:35  Stalker  
  64  9:45  Protoss Ground Weapons Level 3 (Chrono Boost)  
  64  9:47  Probe  
  64  9:49  Probe  
  64  9:50  Probe  
  67  9:58  Probe  
  68  10:00  Probe  
  68  10:01  Probe  
  70  10:08  Probe  
  70  10:11  Probe  
  70  10:13  Probe  
  53  10:16  Stalker x5  
  53  10:18  Stalker  
  53  10:19  Probe  
  64  10:29  Probe, Stalker  
  64  10:30  Probe  
  64  10:31  Probe  
  69  10:42  Probe x2  
  69  10:43  Probe  
  72  10:52  Probe x2  
  72  10:55  Probe  
  67  11:01  Stalker  
  68  11:07  Probe  
  68  11:08  Nexus  
  66  11:14  Stalker  
  66  11:15  Stalker  
  66  11:16  Stalker x3  
  76  11:22  Stalker  
  78  11:36  Stalker  
  72  11:52  Stalker x3  
  76  11:57  Pylon x2  
  76  11:59  Pylon, Stalker x3  
  76  12:00  Stalker x2  
  76  12:01  Probe  
  86  12:02  Probe x2  
  89  12:11  Protoss Ground Armor Level 2 (Chrono Boost)  
  81  12:25  Stalker x2  
  81  12:26  Stalker x2  
  39  12:52  Probe x2  
  39  12:53  Probe  
  39  12:56  Stalker x2  
  46  12:59  Sentry  
  46  13:00  Sentry  
  46  13:02  Sentry  
  53  13:05  Probe  
  53  13:11  Assimilator  
  53  13:13  Stalker  
  53  13:14  Assimilator  
  53  13:17  Stalker  
  57  13:23  Stalker  
  57  13:24  Stalker  
  61  13:34  Probe x3  
  62  13:45  Probe x2  
  62  13:46  Probe  
  61  13:58  Robotics Bay  
  59  14:13  Stalker  
  59  14:14  Stalker  
  55  14:24  Nexus  
  55  14:33  Pylon  
  55  14:36  Pylon  
  55  14:43  Stalker  
  55  14:44  Stalker x3  
  55  14:45  Stalker  
  65  14:54  Protoss Ground Armor Level 3 (Chrono Boost)  
  65  14:56  Probe x2  
  65  14:58  Probe  
  68  15:07  Probe  
  68  15:10  Probe  
  68  15:12  Probe  
  71  15:17  Probe  
  72  15:22  Probe  
  72  15:23  Probe  
  72  15:28  Probe  
  68  15:32  Stalker x3  
  63  15:42  Stalker x2  
  63  15:49  Assimilator  
  67  15:51  Assimilator  
  67  15:53  Stalker  
  69  16:01  Stalker x2  
  60  16:31  Stalker x4  
  60  16:32  Stalker x3  
  73  16:35  Stalker  
  74  16:55  Nexus  
  74  17:11  Stalker x3  
  74  17:13  Sentry x2  
  74  17:14  Sentry  
  76  17:49  Stalker  
  76  17:50  Stalker x5  
  85  17:57  Stalker  
  81  17:59  Sentry x2  
  73  18:34  Stalker x3  
  73  18:35  Stalker x3  
  73  18:36  Stalker  
  87  18:50  Probe x2  
  87  18:51  Probe  
  90  19:00  Probe  
  90  19:01  Probe  
  92  19:03  Probe  
  92  19:05  Probe  
  94  19:11  Probe x2  
  94  19:12  Assimilator  
  94  19:15  Probe  
  94  19:16  Probe  
  97  19:21  Probe  
  99  19:44  Stalker x4  
  107  19:46  Sentry  
Show
View Real Time Build Order
Export as new Build Order

IlBirraioOo Terran - Winner!

Build Orders: Reaper Expand, MMM Bio 

Get SALT Encoding   

  12  0:01  SCV  
  13  0:13  SCV  
  14  0:18  Supply Depot  
  14  0:25  SCV  
  15  0:46  Barracks  
  15  0:48  Refinery  
  15  0:52  SCV  
  16  1:04  SCV  
  18  1:18  SCV  
  18  1:32  Orbital Command  
  18  1:34  Reaper  
  19  1:52  Command Center  
  19  1:58  SCV  
  20  2:06  Supply Depot  
  20  2:08  Barracks Reactor  
  20  2:15  SCV  
  21  2:27  SCV  
  21  2:28  Barracks  
  22  2:30  Barracks  
  22  2:32  Supply Depot  
  22  2:39  SCV  
  23  2:51  SCV  
  23  2:53  Marine x2  
  26  3:04  SCV  
  28  3:06  Orbital Command  
  26  3:14  Marine x2, Supply Depot  
  26  3:15  Barracks Tech Lab  
  26  3:17  Barracks Reactor  
  26  3:19  SCV  
  29  3:27  Refinery  
  29  3:29  Engineering Bay  
  29  3:33  Marine x2  
  31  3:35  Marine  
  31  3:37  Stimpack  
  32  3:42  Supply Depot  
  32  3:47  SCV  
  33  3:49  SCV  
  34  4:02  Marine x5  
  39  4:05  Supply Depot  
  39  4:06  SCV x2  
  36  4:29  Marine  
  36  4:30  Marine x4  
  41  4:34  SCV  
  41  4:35  SCV  
  43  4:40  Supply Depot  
  43  4:41  Supply Depot  
  43  4:46  Terran Infantry Weapons Level 1  
  43  4:47  Marine  
  43  4:49  Missile Turret  
  43  4:52  Marine x2  
  46  4:53  Missile Turret  
  46  4:57  SCV  
  46  4:58  SCV  
  48  5:00  Marine  
  49  5:10  Factory  
  49  5:11  SCV x2  
  51  5:15  Marine x2  
  53  5:26  Marine  
  53  5:27  Marine x2  
  56  5:33  Marine  
  57  5:38  Combat Shields  
  57  5:41  Marine  
  58  5:44  Marine x2  
  58  5:48  SCV x2  
  62  5:56  Factory Reactor  
  62  5:58  Starport, Barracks  
  62  5:59  Barracks  
  62  6:00  SCV  
  62  6:03  Marine x3  
  62  6:04  Marine  
  67  6:06  Marauder  
  67  6:09  SCV  
  70  6:23  Marine x2  
  70  6:24  Marine x2  
  74  6:29  SCV x2  
  76  6:34  Marauder  
  78  6:40  Starport  
  78  6:41  Marine x2  
  78  6:45  Factory Reactor  
  80  6:49  Barracks Reactor x2  
  80  6:51  Marine x2  
  80  6:52  SCV x2  
  84  6:55  Marine  
  84  6:59  Marine  
  84  7:00  Medivac x2  
  90  7:04  SCV x2  
  90  7:06  Terran Infantry Armor Level 1  
  92  7:11  Refinery  
  92  7:14  Refinery, Marine x2  
  92  7:15  Armory  
  94  7:20  Supply Depot  
  94  7:41  Marine x2, SCV x2  
  94  7:43  Medivac  
  100  7:44  Medivac  
  102  8:07  Marine  
  102  8:08  Marine, SCV  
  102  8:18  Marine x2, SCV  
  80  8:20  Marine x5  
  80  8:25  Marine  
  82  8:32  Marine  
  82  8:33  Medivac x2  
  66  8:36  Marine x2  
  66  8:38  Marine x2  
  66  8:40  Marine x3  
  72  8:42  Marine  
  71  8:54  Marine  
  71  8:55  Marine x3  
  74  8:56  Marine  
  74  8:57  Marine  
  74  8:58  Marine  
  78  9:08  Marine  
  78  9:09  Marine  
  80  9:10  Command Center, Medivac x4  
  80  9:11  SCV  
  80  9:12  Marine x2, SCV  
  80  9:13  Marine x3  
  80  9:15  Marine x2  
  97  9:24  SCV  
  98  9:26  Marine  
  98  9:27  Marine  
  98  9:30  Marine x2  
  93  9:40  Marine x5  
  93  9:44  Marine  
  88  9:54  Marine  
  88  9:55  Marine x2  
  88  9:56  Medivac x3  
  88  9:58  Marine x2  
  99  10:01  SCV x2  
  99  10:02  Marine  
  102  10:08  Supply Depot  
  102  10:10  Supply Depot  
  102  10:11  Supply Depot  
  102  10:15  Marine x2  
  104  10:28  Marine x3  
  104  10:29  Marine x4  
  104  10:33  Marine  
  95  10:43  Marine  
  95  10:46  Marine x5  
  95  10:47  Marine x2  
  83  10:51  Marine  
  84  11:00  Viking x2  
  84  11:01  Marine  
  84  11:04  Marine x2  
  90  11:11  Marine  
  90  11:12  Marine x5  
  96  11:19  Marine  
  96  11:22  Marine x2  
  99  11:29  Marine x3  
  99  11:30  Marine x3  
  105  11:51  Marine x5  
  105  11:52  Marine x4  
  95  12:09  Marine x7  
  95  12:10  Marine x2  
  104  12:27  Marine x5  
  101  13:03  Marine x4  
  101  13:04  Marine x5  
  106  13:21  Marine x5  
  105  13:32  Marine x3  
  105  13:33  Marine  
  82  13:39  Marine x3  
  83  13:48  Marine  
  83  13:51  Marine  
  85  14:10  Marine x3  
  83  14:48  Orbital Command  
  77  14:56  Marine x6  
  83  15:17  Marine x2  
  68  15:36  Marine x3  
  68  15:37  Marine x3  
  74  15:43  Marine x2  
  74  15:44  Marine  
  77  15:54  Marine x4  
  81  16:00  Marine  
  81  16:01  Marine x4  
  86  16:14  Marine x2  
  86  16:15  Marine x2  
  90  16:18  Marine  
  91  16:32  Marine x3  
  94  16:46  Marine x2  
  94  16:47  Marine x3  
  96  16:50  Marine x2  
  96  16:51  Marine x2  
  103  17:06  Marine x4  
  103  17:07  Marine  
  108  17:08  Marine x2  
  109  17:56  Marine x3  
  111  18:29  Orbital Command  
  55  19:21  Marine  
  55  19:22  Marine  
  52  19:52  Marine x9  
Show
View Real Time Build Order
Export as new Build Order

Jhyrachy Zerg - Winner!

Build Orders: Hatch First 

Get SALT Encoding   

  12  0:02  Drone  
  13  0:14  Overlord  
  13  0:20  Drone  
  14  0:32  Drone  
  14  0:33  Drone  
  16  0:37  Drone  
  17  1:04  Extractor  
  17  1:05  Drone  
  17  1:06  Hatchery, Drone  
  17  1:23  Spawning Pool  
  17  1:24  Drone  
  17  1:25  Drone  
  18  1:31  Drone  
  19  2:10  Queen  
  19  2:12  Metabolic Boost  
  19  2:14  Overlord  
  21  2:23  Queen  
  21  2:24  Hatchery  
  21  2:28  Drone  
  23  2:31  Drone  
  24  2:41  Drone x2  
  24  2:44  Drone  
  27  2:51  Drone x3  
  30  3:08  Roach Warren  
  29  3:25  Drone x3  
  32  3:27  Drone x2  
  32  3:28  Drone  
  32  3:29  Drone  
  32  3:33  Overlord  
  32  3:34  Overlord  
  36  3:41  Extractor  
  36  3:44  Drone x2  
  37  4:05  Extractor  
  36  4:10  Queen  
  36  4:13  Drone x3  
  41  4:23  Roach  
  43  4:24  Roach x7  
  43  4:25  Overlord  
  43  4:26  Overlord x2  
  57  4:41  Drone  
  57  4:43  Overlord  
  58  4:56  Lair  
  58  4:59  Roach  
  60  5:00  Roach x7  
  60  5:01  Overlord  
  74  5:07  Drone  
  75  5:19  Queen  
  77  5:26  Burrow  
  77  5:28  Drone x2  
  77  5:29  Drone  
  80  5:43  Evolution Chamber  
  79  6:23  Zerg Ground Armor Level 1  
  79  6:35  Spore Crawler  
  79  6:38  Spore Crawler  
  79  6:39  Drone x3  
  81  6:40  Drone x2, Queen  
  84  6:48  Extractor  
  82  7:14  Glial Reconstitution  
  82  7:16  Queen  
  82  7:19  Evolution Chamber  
  83  7:29  Drone x2  
  85  7:30  Drone  
  82  7:52  Queen  
  84  8:19  Ravager  
  85  8:20  Ravager x10  
  85  8:21  Ravager x2  
  97  8:29  Drone  
  97  8:32  Tunneling Claws, Overlord x4  
  97  8:33  Overlord x2  
  98  8:43  Pneumatized Carapace  
  98  8:49  Hatchery  
  95  9:38  Hydralisk Den  
  94  9:57  Drone x3  
  94  9:58  Drone x4  
  101  10:00  Zerg Ground Armor Level 2  
  101  10:03  Zerg Missile Weapons Level 1  
  101  10:04  Hatchery  
  101  10:07  Extractor  
  99  10:10  Extractor  
  86  10:34  Muscular Augments  
  86  10:35  Hydralisk  
  71  10:36  Hydralisk x14  
  71  10:37  Hydralisk  
  71  10:39  Overlord x2  
  71  10:40  Overlord x2  
  103  10:53  Roach x2  
  103  10:56  Drone  
  103  10:57  Drone x7  
  97  11:28  Hydralisk x5  
  97  11:29  Hydralisk  
  97  11:32  Queen  
  107  12:07  Zerg Missile Weapons Level 2  
  107  12:09  Lurker Den  
  107  12:11  Hydralisk x3  
  107  12:12  Hydralisk x14  
  107  12:15  Zergling x4  
  142  12:16  Zergling x24  
  137  13:36  Hydralisk x11  
  137  13:37  Hydralisk x12  
  137  13:38  Hydralisk  
  137  13:40  Overlord x2  
  89  15:13  Hydralisk x5  
  89  15:14  Hydralisk x4  
  89  15:15  Hatchery  
  88  15:22  Lurker x4  
  88  15:23  Lurker  
  62  15:57  Hydralisk  
  62  15:58  Hydralisk x17  
  62  15:59  Hydralisk x9  
  88  16:50  Hydralisk  
  88  16:51  Hydralisk x4  
  77  17:41  Zerg Melee Weapons Level 1  
  47  18:45  Hydralisk  
  47  18:46  Hydralisk x12  
Tags
 
Add a new tag
Caveats
  • Supply blocks, unpowered buildings, or Contaminate may cause inaccurate times.
  • Supply counts are checked every 10 seconds.